 Seeded DCSS version 0.29-a0-1065-g47a6bb87d6 (webtiles) character file.

Game seed: 1 (custom seed)

23 Kazon the Shield-Bearer (level 2, 0/25 HPs)
             Began as a Demigod Fighter on Aug 18, 2022.
             Slain by a worm (4 damage)
             ... on level 2 of the Dungeon.
             The game lasted 00:03:22 (782 turns).

Kazon the Shield-Bearer (Demigod Fighter)            Turns: 782, Time: 00:03:23

Health: 0/25       AC:  6    Str: 17    XL:     2   Next: 54%
Magic:  4/4        EV:  9    Int: 10    God:
Gold:   121        SH:  5    Dex: 16    Spells: 1/1 levels left

rFire   . . .      SeeInvis +   a - +0 long sword
rCold   . . .      Faith    .   c - +0 buckler
rNeg    . . .      Spirit   .   b - +0 scale mail
rPois   .          Reflect  .   (no helmet)
rElec   +          Harm     .   (no cloak)
rCorr   +          Rampage  .   (no gloves)
Will    .....                   (no boots)
Stlth   ..........              f - amulet of the acrobat
HPRegen 0.08/turn               e - ring "Majeg" {rElec rCorr Dex+3 SInv}
MPRegen 0.09/turn               (no ring)

@: no status effects
A: high MP 1, forlorn, divine attributes
a: no special abilities


You were on level 2 of the Dungeon.
You visited 1 branch of the dungeon, and saw 2 of its levels.

You collected 121 gold pieces.

Inventory:

Hand Weapons
 a - a +0 long sword (weapon)
Armour
 b - a +0 scale mail (worn)
 c - a +0 buckler (worn)
Jewellery
 e - the ring "Majeg" (left hand) {rElec rCorr Dex+3 SInv}
   (You acquired it on level 1 of the Dungeon)

   [ring of see invisible]

   Dex:       It affects your dexterity (+3).
   rElec:     It insulates you from electricity.
   SInv:      It lets you see invisible.
   rCorr:     It protects you from acid and corrosion.
 f - an amulet of the acrobat (around neck)
Potions
 d - a potion of might
 g - a potion of haste {unknown}
 h - a potion of flight {unknown}
 i - a potion of attraction {unknown}


   Skills:
 + Level 2.7 Fighting
 + Level 2.1 Long Blades
 + Level 3.0 Armour
 + Level 3.1 Shields


You had one spell level left.
You didn't know any spells.
Your spell library was empty.

Dungeon Overview and Level Annotations

Branches:
Dungeon (2/15)


Innate Abilities, Weirdness & Mutations

You have an increased reservoir of magic. (+10% MP)
You shall have no god before yourself.
Your divine heritage dramatically boosts your attributes as you level up.


Message History

There is a stone staircase leading down here.
You climb downwards.
There is a stone staircase leading up here.
A bat comes into view.
The bat barely misses you.
You hit the bat.
You kill the bat!
A hobgoblin comes into view.
You see here a bat corpse.
A worm comes into view.
You hit the hobgoblin but do no damage.
The hobgoblin hits you but does no damage.
You hit the hobgoblin but do no damage. The hobgoblin hits you.
You hit the hobgoblin.
The hobgoblin is heavily wounded.
The hobgoblin barely misses you.
The hobgoblin hits you but does no damage.
You closely miss the hobgoblin.
The hobgoblin is heavily wounded.
You block the hobgoblin's attack. The worm bites you!
You slash the hobgoblin!
You kill the hobgoblin!
The worm bites you but does no damage.
You barely miss the worm. You block the worm's attack.
You hit the worm.
The worm is moderately wounded.
You slash the worm!
The worm is almost dead.
The worm bites you.
You hit the worm but do no damage.
The worm is almost dead.
The worm bites you!
* * * LOW HITPOINT WARNING * * *
You completely miss the worm.
The worm is severely wounded.
You block the worm's attack.
You barely miss the worm.
The worm is severely wounded.
The worm bites you.
You die...

. . ##. ..#
#.# .## #.#
.....###.###
.......@w..#
########†#...#
#.# #.#
#.####.#
#...<..#
########


You could see a worm.

Vanquished Creatures
  4 endoplasms (D:1)
  A giant cockroach (D:1)
  4 goblins (D:1)
  3 hobgoblins
  A kobold (D:1)
  A quokka (D:1)
  2 bats
  3 rats (D:1)
19 creatures vanquished.

Notes
Turn   | Place    | Note
-------+----------+-------------------------------------------
     0 | D:1      | Kazon the Demigod Fighter began the quest for the Orb.
     0 | D:1      | Reached XP level 1. HP: 18/18 MP: 3/3
    90 | D:1      | Identified a scroll of acquirement
    90 | D:1      | Acquired the ring "Majeg" {rElec rCorr Dex+3 SInv}
   376 | D:1      | Reached XP level 2. HP: 22/25 MP: 4/4
   782 | D:2      | Slain by a worm

Illustrated notes

Levels and vault maps discovered:
D:1:      dpeg_arrival_three_smaller_balls, layout_basic
D:2:      layout_loops_ring

Skill      XL: |  1  2 |
---------------+-------+-----
Shields        | 3 |  3.1
Armour         | 3 |  3.0
Long Blades    | 2 |  2.1
Fighting       | |  2.7

Action                   || total
-------------------------++-------
Melee: Long sword        ||    65
  Use: Scroll            ||     1
Armor: Scale mail        ||    29
Dodge: Dodged            ||    26
Block: Buckler           ||    20

Table legend: (Time is in decaauts)
 A = Elapsed time spent in this place.
 B = Non-inter-level travel time spent in this place.
 C = Inter-level travel time spent in this place.
 D = Time resting spent in this place.
 E = Time spent auto-exploring this place.
 F = Levels seen in this place.
 G = Mean time per level.
                   A        B        C        D        E       F      G
               +--------+--------+--------+--------+--------+-----+--------+
         Total |    803 |    803 |      0 |      0 |    366 |   2 |  401.5 |
       Dungeon |    803 |    803 |      0 |      0 |    366 |   2 |  401.5 |
               +--------+--------+--------+--------+--------+-----+--------+

Top non-repeatable levels by time:
     D:1: 782 daAuts
     D:2: 21 daAuts
